 Dungeon Crawl Stone Soup version 0.28-a0-823-gb444dcf96d (webtiles) character file.

Game seed: 13636656432296514876

13 willcat the Sneak (level 2, -5/19 HPs)
             Began as a Kobold Delver on Nov 9, 2021.
             Slain by a gnoll (14 damage)
             ... on level 5 of the Dungeon.
             The game lasted 00:00:39 (153 turns).

willcat the Sneak (Kobold Delver)                    Turns: 153, Time: 00:00:40

Health: -5/19      AC:  3    Str:  9    XL:     2   Next: 50%
Magic:  2/2        EV: 14    Int: 11    God:
Gold:   20         SH:  0    Dex: 16    Spells: 1/1 levels left

rFire   . . .      SeeInvis .   a - +0 short sword
rCold   . . .      Faith    .   (shield restricted)
rNeg    . . .      Spirit   .   b - +0 leather armour
rPois   .          Reflect  .   (no helmet)
rElec   .          Harm     .   (no cloak)
rCorr   .          Rampage  .   (no gloves)
Will    .....                   (no boots)
Stlth   ++++......              (no amulet)
HPRegen 0.06/turn               (no ring)
MPRegen 0.08/turn               (no ring)

@: no status effects
A: small, no large weapons, nightstalker 3
a: no special abilities


You were on level 5 of the Dungeon.
You visited 1 branch of the dungeon, and saw 1 of its levels.

You collected 20 gold pieces.

Inventory:

Hand Weapons
 a - a +0 short sword (weapon)
Armour
 b - a +0 leather armour (worn)
Wands
 g - a wand of digging (3)
Scrolls
 c - a scroll of fog
 d - a scroll of magic mapping
 e - a scroll of fear
 h - a scroll of enchant weapon {unknown}
 i - a scroll of teleportation {unknown}
Potions
 f - a potion of haste


   Skills:
 - Level 3.2 Fighting
 + Level 3.1 Short Blades
 + Level 2.9 Dodging
 + Level 6.8 Stealth


You had one spell level left.
You didn't know any spells.
Your spell library was empty.

Dungeon Overview and Level Annotations

Branches:
Dungeon (5/15)
 Temple: D:4-7

Altars:


Innate Abilities, Weirdness & Mutations

You are small and have problems with some larger weapons.
You are completely attuned to the shadows.


Message History

The gnoll shaman is lightly wounded.
The gnoll shaman closely misses you.
Unknown command.
The gnoll shaman closely misses you.
The gnoll shouts! x2
An ogre comes into view. It is wielding a +0 giant club.
The gnoll shaman invokes the aid of its god against you.
You resist with significant effort.
The gnoll shaman calls upon its god to speed up the gnoll.
The gnoll seems to speed up.
Okay, then.
The gnoll hits you with a +0 flail. The gnoll closely misses you.
The gnoll completely misses you. The gnoll barely misses you.
The gnoll completely misses you. The gnoll misses you.
The gnoll barely misses you. The gnoll misses you. The gnoll barely misses you.
The gnoll barely misses you. The gnoll hits you with a +0 flail.
The gnoll barely misses you. The gnoll misses you. The gnoll misses you.
The gnoll closely misses you. The gnoll misses you.
The gnoll closely misses you. The gnoll hits you with a +0 flail.
The gnoll barely misses you. The gnoll closely misses you.
The gnoll barely misses you. The gnoll hits you with a +0 flail.
The gnoll misses you. The gnoll closely misses you. The gnoll misses you.
The gnoll hits you with a +0 flail.
The gnoll is no longer moving quickly.
The gnoll hits you with a +0 flail!
Ouch! That really hurt!
You die...

#######
####.#.....
.....#......[
.....#.......
.....#.......
)....#.......
.....#...###
...........#
.....g#.>..#
....@.#..#.#
.>...##..###
##..........
#..........
....##......
.##. ##....#
. #..#


You could see a gnoll.

Vanquished Creatures
  A gnoll (D:5)
  A worm (D:5)
2 creatures vanquished.

Notes
Turn   | Place    | Note
-------+----------+-------------------------------------------
     0 | D:5      | willcat the Kobold Delver began the quest for the Orb.
     0 | D:5      | Reached XP level 1. HP: 14/14 MP: 1/1
    15 | D:5      | Noticed a sky beast
    81 | D:5      | Noticed a gnoll shaman
    85 | D:5      | Reached XP level 2. HP: 19/19 MP: 2/2
    88 | D:5      | Noticed an ogre
   153 | D:5      | Slain by a gnoll

Illustrated notes

Levels and vault maps discovered:
D:5:      minmay_recursive_quarters, layout_basic, mainiacjoe_overflow_alcove_2,
          interstate_on_off, minivault_19

Skill      XL: |  1 |
---------------+----+-----
Short Blades   | 3 |  3.1
Fighting       | |  3.2
Dodging        | |  2.9
Stealth        | |  6.8

Action                   || total
-------------------------++-------
Melee: Short sword       ||     3
 Stab: Sleeping          ||     2
Dodge: Dodged            ||    24

Table legend: (Time is in decaauts)
 A = Elapsed time spent in this place.
 B = Non-inter-level travel time spent in this place.
 C = Inter-level travel time spent in this place.
 D = Time resting spent in this place.
 E = Time spent auto-exploring this place.
 F = Levels seen in this place.
 G = Mean time per level.
                   A        B        C        D        E       F      G
               +--------+--------+--------+--------+--------+-----+--------+
         Total |    152 |    152 |      0 |      0 |     31 |   1 |  152.0 |
       Dungeon |    152 |    152 |      0 |      0 |     31 |   1 |  152.0 |
               +--------+--------+--------+--------+--------+-----+--------+

Top non-repeatable levels by time:
     D:5: 152 daAuts
